 Dungeon Sprint DCSS version 0.23.0 (webtiles) character file.

Game seed: 3647244084288826004

147 nuthulu the Ruffian (level 5, -1/57 HPs)
             Began as a Troll Berserker on Feb 17, 2019.
             Was a Priest of Trog.
             Slain by a wight
             ... wielding a cursed +3 mace of freezing
              (2 damage)
             ... in the Dungeon (Sprint VII: "The Pits").
             The game lasted 00:00:50 (158 turns).

nuthulu the Ruffian (Troll Berserker)                Turns: 158, Time: 00:00:51

Health: -1/57      AC:  6    Str: 26    XL:     5   Next: 7%
Magic:  4/4        EV: 11    Int:  3    God:    Trog [***...]
Gold:   0          SH:  0    Dex:  9    Spells: 4/4 levels left

rFire    . . .     SeeInvis .     - Unarmed
rCold    . . .     Gourm    +   (no shield)
rNeg     . . .     Faith    .   a - +0 animal skin
rPois    .         Spirit   .   (helmet restricted)
rElec    .         Reflect  .   (no cloak)
rCorr    .         Harm     .   (gloves unavailable)
MR       .....     NoTele   +   (boots unavailable)
Stlth    +.........             (no amulet)
HPRegen  0.59/turn              (no ring)
MPRegen  0.09/turn              (no ring)

@: berserk cooldown, slowed, heavily drained, very slow
A: large, unfitting armour, claws 3, fast metabolism 3, gourmand, regeneration
1, shaggy fur 1, tough skin 3
a: Berserk, Trog's Hand, Renounce Religion


You were in the Dungeon.
You worshipped Trog.
Trog was most pleased with you.
You were not hungry.

You visited 1 branch

Inventory:

Armour
 a - a +0 animal skin (worn)
Scrolls
 h - a scroll of blinking
 j - 3 scrolls of remove curse
 k - a scroll of summoning
Potions
 c - a potion of curing
 d - a potion of heal wounds
 e - a potion of haste
 f - 4 potions of magic
 g - 3 potions of berserk rage
 i - 2 potions of invisibility
Comestibles
 b - 10 rations


   Skills:
 + Level 5.4(4.2) Fighting
 + Level 5.4(4.2) Dodging
 + Level 6.6(5.3) Unarmed Combat


You had 4 spell levels left.
You didn't know any spells.
Your spell library was empty.

Dungeon Overview and Level Annotations

Branches:
Dungeon (1/1)

Altars:
Ashenzari
Cheibriados
Dithmenos
Elyvilon
Fedhas
Gozag
Hepliaklqana
Kikubaaqudgha
Makhleb
Nemelex Xobeh
Okawaru
Qazlal
Ru
Sif Muna
Trog
Uskayaw
Vehumet
Wu Jian
Xom
Yredelemnul
Zin
The Shining One
Beogh
Jiyva
Lugonu


Innate Abilities, Weirdness & Mutations

You are too large for most types of armour.
You have claws for hands.
Your metabolism is lightning-fast.
You like to eat raw meat.
Your natural rate of healing is unusually fast.
You are covered in fur. (AC +1)
You have extremely tough skin. (AC +3)


Message History

You claw the orc wizard, but do no damage.
The orc wizard is almost dead.
The orc wizard barely misses you.
The wight hits you with a cursed +3 mace of freezing.
* * * LOW HITPOINT WARNING * * *
You feel drained.
* * * LOW HITPOINT WARNING * * *
The wight freezes you.
* * * LOW HITPOINT WARNING * * *
Unknown command.
The orc wizard mumbles some strange words.
The orc wizard blinks!
The orc wizard gestures at you while chanting.
The magic dart hits you.
* * * LOW HITPOINT WARNING * * *
Unknown command.
The wight hits you with a cursed +3 mace of freezing.
* * * LOW HITPOINT WARNING * * *
You feel drained.
You die...

############
#_________.#
#_________.#
#_______...########
##########'##......
#.?(.')))'.##......
##########.##......
#.@.o.......'......
#z#####(#####......
#z# #..)..##......
#)# #####+#####+##
#l# #...... #Z#
#...... #z# #......
#.# #...<.. #.#
#......


You could see 3 wights, an orc wizard, a leopard gecko and a bat skeleton.

Vanquished Creatures
  An orc warrior (D)
  A wight (D)
  An ooze (D)
  2 orcs (D)
  A quokka (D)
  2 kobolds (D)
8 creatures vanquished.

Notes
Turn   | Place    | Note
-------+----------+-------------------------------------------
     0 | D        | nuthulu the Troll Berserker began the quest for the Orb.
     0 | D        | Reached XP level 1. HP: 22/22 MP: 0/0
    67 | D        | Found a bloodstained altar of Trog.
    67 | D        | Found a deep blue altar of Sif Muna.
    67 | D        | Found a viscous altar of Jiyva.
    67 | D        | Found a hazy altar of Hepliaklqana.
    67 | D        | Found an opulent altar of Gozag.
    68 | D        | Found a glowing golden altar of the Shining One.
    68 | D        | Found a glowing silver altar of Zin.
    68 | D        | Found a basalt altar of Yredelemnul.
    68 | D        | Found a shimmering altar of Xom.
    68 | D        | Found an ornate altar of the Wu Jian Council.
    68 | D        | Found a sacrificial altar of Ru.
    68 | D        | Found a stormy altar of Qazlal.
    68 | D        | Found an iron altar of Okawaru.
    68 | D        | Found a sparkling altar of Nemelex Xobeh.
    68 | D        | Found a burning altar of Makhleb.
    68 | D        | Found a blossoming altar of Fedhas.
    68 | D        | Found a white marble altar of Elyvilon.
    68 | D        | Found a shadowy altar of Dithmenos.
    68 | D        | Found a snail-covered altar of Cheibriados.
    71 | D        | Found a roughly hewn altar of Beogh.
    71 | D        | Found a corrupted altar of Lugonu.
    71 | D        | Found a radiant altar of Vehumet.
    72 | D        | Found a shattered altar of Ashenzari.
    72 | D        | Found an ancient bone altar of Kikubaaqudgha.
    72 | D        | Found a hide-covered altar of Uskayaw.
    91 | D        | Reached ** piety under Trog
   111 | D        | Noticed an orc wizard
   111 | D        | Noticed an orc wizard
   111 | D        | Noticed a wight
   111 | D        | Noticed a wight
   111 | D        | Noticed an orc warrior
   111 | D        | Noticed a wight
   112 | D        | Noticed a wight
   132 | D        | Noticed a wight
   136 | D        | Killed an orc warrior
   136 | D        | Reached skill level 5 in Unarmed Combat
   136 | D        | Reached XP level 2. HP: 33/33 MP: 1/1
   136 | D        | Reached XP level 3. HP: 41/41 MP: 2/2
   136 | D        | Reached XP level 4. HP: 49/49 MP: 3/3
   140 | D        | Reached skill level 5 in Fighting
   140 | D        | Reached skill level 5 in Dodging
   140 | D        | Reached skill level 6 in Unarmed Combat
   140 | D        | Reached XP level 5. HP: 57/57 MP: 4/4
   146 | D        | Reached *** piety under Trog
   158 | D        | HP: 1/57 [wight/cursed +3 mace of freezing (4)]
   158 | D        | Slain by a wight

Skill      XL: |  1  2  3  4 |
---------------+-------------+-----
Fighting       | 4 5 |  5.4
Dodging        | 4 5 |  5.4
Unarmed Combat | 5 6 |  6.6

Action                   |  1- 3 |  4- 6 || total
-------------------------+-------+-------++-------
Melee: Unarmed           |    11 |    18 ||    29
       Punch             |       |     2 ||     2
Invok: Berserk           |     1 |       ||     1
Armor: Animal skin       |     2 |     2 ||     4
Dodge: Dodged            |     8 |     8 ||    16
